Map: Dusk Towers

Players

Andersone

  • Race: Protoss Protoss
  • League: Master

LaWeedaLoca - Winner!

  • Race: Terran Terran
  • League: Master

VOD

Have the link to the VOD?

Description

Time

  • Played on: May 17, 2016, 12:30 p.m.
  • Length: 6:25
Show
View Real Time Build Order
Export as new Build Order

Andersone Protoss 

Build Orders: 1 Gate Expand, Dark Templar Rush 

Get SALT Encoding   

  12  0:11  Probe (Chrono Boost)  
  13  0:15  Pylon  
  13  0:22  Probe (Chrono Boost)  
  14  0:33  Probe (Chrono Boost)  
  14  0:35  Gateway  
  15  0:43  Probe (Chrono Boost)  
  15  0:44  Assimilator  
  16  0:54  Probe (Chrono Boost)  
  17  1:04  Probe (Chrono Boost)  
  18  1:15  Probe (Chrono Boost)  
  19  1:25  Probe (Chrono Boost)  
  20  1:32  Nexus  
  20  1:37  Cybernetics Core  
  21  1:40  Probe (Chrono Boost)  
  21  1:47  Assimilator  
  21  1:50  Probe (Chrono Boost)  
  22  1:55  Pylon  
  22  2:01  Probe (Chrono Boost)  
  22  2:14  Mothership Core (Chrono Boost)  
  24  2:17  Adept  
  26  2:25  Warp Gate (Chrono Boost)  
  28  2:44  Probe x2 (Chrono Boost)  
  28  2:52  Twilight Council  
  28  2:55  Probe x2 (Chrono Boost)  
  28  2:56  Adept  
  32  3:05  Probe x2 (Chrono Boost)  
  34  3:12  Pylon  
  34  3:14  Probe  
  34  3:16  Probe  
  36  3:24  Probe  
  37  3:28  Probe  
  38  3:36  Probe  
  38  3:40  Probe  
  40  3:42  Dark Shrine  
  40  3:46  Probe  
  41  3:50  Robotics Facility  
  41  3:52  Probe  
  41  3:55  Resonating Glaives (Chrono Boost)  
  42  3:57  Probe  
  43  4:04  Probe  
  43  4:06  Forge  
  43  4:07  Probe  
  45  4:16  Probe  
  46  4:18  Probe, Gateway  
  46  4:19  Gateway  
  47  4:28  Probe  
  48  4:33  Probe  
  48  4:36  Assimilator  
  48  4:37  Pylon  
  49  4:40  Assimilator, Probe  
  49  4:41  Pylon  
  49  4:44  Warp Prism (Chrono Boost)  
  52  4:46  Adept  
  54  4:54  Probe  
  54  4:55  Probe  
  56  5:02  Nexus  
  42  5:18  Observer (Chrono Boost)  
  43  5:23  Probe  
  43  5:24  Probe  
  45  5:32  Dark Templar x3  
  49  5:48  Probe  
  49  5:50  Probe  
  51  5:59  Probe  
  51  6:02  Probe  
  53  6:09  Probe  
  53  6:11  Pylon  
  45  6:14  Adept x3  
Show
View Real Time Build Order
Export as new Build Order

LaWeedaLoca Terran - Winner!

Build Orders: Reaper Expand 

Get SALT Encoding   

  12  0:01  SCV  
  13  0:13  SCV  
  14  0:17  Supply Depot  
  14  0:25  SCV  
  15  0:39  SCV, Barracks  
  16  0:44  Refinery  
  16  0:51  SCV  
  17  1:03  SCV  
  18  1:15  SCV  
  19  1:27  Orbital Command  
  19  1:28  Reaper  
  20  1:47  Command Center  
  20  1:57  SCV  
  20  2:01  Marine  
  22  2:03  Supply Depot  
  22  2:12  SCV, Factory  
  23  2:19  Refinery  
  23  2:23  Barracks Reactor  
  23  2:24  SCV  
  24  2:37  SCV  
  25  2:49  SCV  
  26  2:56  Starport  
  26  2:59  Orbital Command  
  26  3:00  Marine x2  
  26  3:01  Widow Mine  
  26  3:03  SCV  
  31  3:15  SCV  
  31  3:19  Marine x2  
  32  3:23  Armory  
  34  3:30  Widow Mine  
  35  3:36  SCV x2  
  35  3:37  Marine  
  35  3:38  Marine  
  39  3:41  Supply Depot  
  39  3:42  Medivac  
  42  3:48  SCV  
  42  3:54  SCV  
  43  3:59  Marine  
  43  4:00  Marine  
  43  4:01  Factory Tech Lab  
  45  4:05  Supply Depot  
  45  4:06  SCV  
  45  4:07  SCV  
  47  4:18  SCV  
  47  4:19  SCV  
  47  4:23  Drilling Claws  
  49  4:27  Barracks  
  49  4:30  Widow Mine, SCV  
  52  4:31  SCV  
  52  4:33  Supply Depot  
  52  4:37  Engineering Bay  
  53  4:42  SCV  
  53  4:43  SCV  
  55  4:47  Medivac  
  55  4:52  Barracks  
  57  4:54  SCV  
  57  4:56  SCV  
  57  4:59  Widow Mine  
  61  5:07  SCV  
  62  5:11  SCV  
  63  5:19  SCV  
  63  5:20  Missile Turret x2  
  64  5:21  Barracks Tech Lab  
  64  5:24  Marine  
  64  5:25  Marine, Missile Turret  
  64  5:28  Refinery x2  
  66  5:30  Widow Mine  
  66  5:32  Medivac  
  70  5:37  Command Center  
  70  5:40  Barracks Tech Lab  
  70  5:51  Marine x2  
  70  5:54  Marine  
  69  6:00  SCV  
  70  6:06  Starport Reactor  
  68  6:13  SCV x2, Factory Reactor  
Tags
 
Add a new tag
Caveats
  • Supply blocks, unpowered buildings, or Contaminate may cause inaccurate times.
  • Supply counts are checked every 10 seconds.